Map: Green Acres

Players

A.I. 1 (Harder)

  • Race: Zerg Zerg
  • Spawn Location: 3:00

larsgj - Winner!

  • Race: Terran Terran
  • Spawn Location: 6:00

VOD

Have the link to the VOD?

Description

Time

  • Played on: Jan. 28, 2020, 10:38 a.m.
  • Length: 32:05
Show
View Real Time Build Order
Export as new Build Order

A.I. 1 (Harder) Zerg 

Build Orders: 1 Base Baneling Bust, Pool First 

Get SALT Encoding   

  12  0:00  Drone  
  13  0:12  Overlord  
  13  0:17  Drone  
  14  0:30  Drone x2  
  16  0:43  Spawning Pool  
  16  0:44  Drone  
  16  0:48  Drone  
  17  0:52  Extractor  
  17  0:55  Drone  
  17  1:06  Overlord  
  17  1:30  Queen  
  17  1:31  Zergling x2  
  20  1:35  Roach Warren  
  20  1:36  Zergling x2  
  20  1:38  Drone  
  21  1:42  Extractor  
  20  1:49  Drone  
  21  1:59  Drone  
  22  2:17  Roach  
  22  2:21  Overlord  
  24  2:32  Roach  
  28  2:37  Roach  
  28  2:39  Drone  
  28  2:42  Roach  
  28  2:43  Overlord  
  31  2:54  Drone  
  32  3:05  Roach  
  34  3:10  Roach  
  36  3:14  Overlord  
  36  3:15  Roach  
  40  3:20  Roach  
  40  3:28  Drone  
  41  3:36  Baneling Nest  
  41  3:39  Roach  
  41  3:40  Drone  
  43  3:41  Evolution Chamber  
  43  3:43  Drone  
  43  3:44  Roach  
  45  3:51  Drone  
  46  4:01  Drone  
  47  4:12  Overlord, Drone x2  
  47  4:13  Drone  
  50  4:55  Baneling, Zerg Melee Weapons Level 1  
  50  4:59  Zergling x2, Lair  
  51  5:03  Zergling x2  
  52  5:08  Overlord  
  52  5:32  Zergling x2, Baneling  
  51  5:36  Zergling x2  
  51  5:41  Zergling x2  
  49  5:44  Metabolic Boost  
  49  5:48  Zergling x2  
  50  5:52  Zergling x2  
  51  6:00  Spire  
  50  6:22  Burrow  
  50  6:27  Baneling  
  50  6:30  Drone, Spore Crawler  
  50  6:31  Zergling x2, Baneling  
  51  6:33  Hatchery  
  51  6:34  Drone  
  51  6:50  Zerg Ground Armor Level 1  
  51  6:59  Centrifugal Hooks  
  51  7:11  Spore Crawler, Mutalisk  
  52  7:15  Mutalisk  
  52  7:20  Mutalisk  
  56  7:24  Mutalisk  
  58  7:33  Queen  
  58  7:34  Spine Crawler  
  59  7:37  Spine Crawler, Mutalisk  
  60  7:45  Drone x3  
  60  7:46  Drone x3  
  66  7:54  Drone x2  
  66  7:57  Overlord  
  68  7:59  Extractor  
  68  8:01  Spore Crawler  
  68  8:03  Drone  
  67  8:07  Drone  
  67  8:09  Drone  
  67  8:11  Drone  
  70  8:17  Drone  
  70  8:19  Drone  
  72  8:25  Drone, Mutalisk  
  75  8:27  Overlord  
  75  8:30  Drone  
  75  8:32  Drone  
  77  8:38  Drone  
  78  8:41  Drone  
  78  8:44  Zerg Missile Weapons Level 1  
  78  8:47  Evolution Chamber, Overseer  
  78  8:56  Hatchery  
  77  9:04  Hydralisk Den  
  68  9:22  Infestation Pit  
  63  9:31  Extractor  
  63  9:33  Hydralisk  
  63  9:37  Hydralisk, Pneumatized Carapace  
  66  9:41  Hydralisk  
  68  9:57  Roach, Overseer  
  70  10:01  Roach  
  70  10:06  Roach  
  74  10:10  Roach  
  76  10:14  Roach  
  76  10:18  Hydralisk  
  76  10:20  Extractor  
  79  10:22  Hydralisk  
  79  10:24  Drone  
  79  10:26  Hydralisk, Overlord, Drone  
  79  10:27  Overseer  
  85  10:31  Infestor  
  85  10:34  Drone  
  88  10:35  Drone  
  88  10:36  Infestor  
  88  10:39  Drone  
  88  10:40  Drone  
  93  10:44  Drone  
  93  10:45  Overlord, Drone  
  95  10:50  Infestor  
  95  10:54  Drone  
  95  10:56  Drone  
  99  10:58  Drone  
  99  11:00  Drone  
  99  11:02  Drone  
  102  11:04  Drone  
  102  11:08  Overlord  
  102  11:10  Drone  
  104  11:12  Drone  
  104  11:14  Drone  
  104  11:16  Drone  
  104  11:17  Drone  
  108  11:19  Drone  
  108  11:21  Drone  
  108  11:23  Drone  
  108  11:24  Drone  
  112  11:26  Drone  
  112  11:28  Drone  
  112  11:30  Overlord  
  112  11:32  Drone  
  115  11:34  Drone  
  115  11:38  Zerg Melee Weapons Level 2  
  116  11:43  Overseer  
  116  11:47  Zerg Ground Armor Level 2  
  116  11:49  Overlord  
  116  11:58  Pathogen Glands  
  116  12:00  Glial Reconstitution  
  116  12:03  Zerg Flyer Weapons Level 1  
  116  12:09  Overlord  
  116  12:10  Spore Crawler  
  116  12:12  Drone  
  116  12:26  Extractor  
  116  12:29  Hive  
  115  12:44  Zergling x2  
  78  13:00  Hydralisk  
  66  13:19  Hydralisk  
  66  13:22  Overseer  
  66  13:25  Hydralisk  
  70  13:31  Drone  
  71  13:42  Ultralisk Cavern  
  71  13:43  Drone  
  71  14:05  Hydralisk, Overlord  
  73  14:11  Hydralisk  
  73  14:16  Hydralisk  
  75  14:17  Drone, Spine Crawler  
  75  14:19  Spine Crawler  
  75  14:20  Drone  
  75  14:21  Zerg Missile Weapons Level 2  
  75  14:22  Spore Crawler  
  75  14:24  Drone, Spore Crawler  
  77  14:26  Drone  
  77  14:30  Queen, Ultralisk  
  85  14:31  Zerg Flyer Armor Level 1  
  85  14:36  Ultralisk  
  91  14:39  Hatchery  
  91  14:41  Drone  
  91  14:42  Ultralisk  
  91  14:44  Zerg Melee Weapons Level 3  
  97  14:47  Ultralisk  
  97  14:48  Spine Crawler  
  97  14:50  Drone  
  103  14:53  Drone, Spine Crawler, Ultralisk  
  103  14:57  Queen, Overlord  
  103  14:59  Ultralisk  
  117  15:05  Ultralisk  
  123  15:25  Chitinous Plating  
  123  15:39  Roach  
  123  15:41  Roach, Overlord  
  127  15:43  Roach  
  127  15:46  Lurker Den  
  128  15:52  Drone  
  129  15:57  Extractor, Queen  
  129  15:59  Drone  
  129  16:00  Spore Crawler, Swarm Host  
  129  16:01  Drone  
  134  16:04  Spore Crawler  
  134  16:05  Extractor, Drone, Zergling x2  
  134  16:06  Drone  
  134  16:07  Spore Crawler  
  134  16:08  Drone  
  134  16:10  Roach  
  136  16:12  Roach, Overlord  
  136  16:15  Roach  
  136  16:17  Roach, Ravager  
  105  16:21  Hydralisk  
  103  16:27  Overseer  
  103  16:29  Hydralisk, Spine Crawler, Overseer  
  103  16:30  Drone  
  103  16:31  Hydralisk  
  103  16:32  Spine Crawler  
  106  16:33  Hydralisk  
  106  16:34  Drone  
  106  16:35  Hydralisk  
  106  16:38  Hydralisk  
  106  16:39  Zerg Missile Weapons Level 3  
  113  16:43  Roach, Ravager  
  119  16:58  Hydralisk, Lurker  
  122  17:02  Hydralisk, Lurker  
  122  17:05  Hydralisk, Lurker x2  
  122  17:07  Hydralisk  
  131  17:23  Zerg Ground Armor Level 3  
  131  17:29  Tunneling Claws  
  131  17:45  Zerg Flyer Weapons Level 2  
  131  18:31  Roach  
  131  18:33  Roach, Overlord  
  135  18:35  Roach  
  135  18:37  Roach  
  139  18:44  Infestor  
  139  18:47  Roach  
  143  18:51  Roach, Overlord  
  143  18:52  Overseer  
  143  18:53  Roach  
  147  18:56  Roach  
  147  19:00  Overlord  
  149  19:03  Overlord  
  149  19:08  Overlord  
  149  19:13  Overseer  
  149  19:24  Overlord  
  149  19:25  Overseer  
  149  19:42  Overlord  
  149  19:43  Roach  
  151  19:46  Roach, Hatchery  
  151  19:49  Overseer  
  151  19:50  Overlord x2  
  152  20:01  Zerg Flyer Armor Level 2  
  152  20:08  Roach, Overlord  
  152  20:10  Roach  
  152  20:12  Roach  
  158  20:14  Roach  
  158  20:16  Hydralisk  
  158  20:18  Hydralisk  
  158  20:20  Hydralisk  
  166  20:22  Hydralisk  
  166  20:25  Infestor  
  166  20:26  Overlord  
  166  20:28  Infestor  
  172  20:45  Overlord  
  172  20:59  Drone, Queen  
  172  21:03  Overlord  
  175  21:11  Extractor  
  174  21:12  Drone  
  174  21:13  Drone, Spore Crawler  
  174  21:15  Drone, Spore Crawler  
  174  21:17  Extractor  
  174  21:18  Drone  
  175  21:44  Zergling x2  
  175  21:45  Zergling x4, Mutalisk x3  
  175  21:46  Zergling x6, Mutalisk x3  
  189  21:47  Zergling x2  
  189  21:48  Zergling x10, Spine Crawler  
  189  21:49  Zergling x4  
  189  21:50  Adrenal Glands, Spine Crawler  
  199  22:02  Baneling x2, Zergling x2  
  199  22:03  Baneling x4  
  199  22:08  Zergling x2  
  200  22:11  Mutalisk  
  200  22:12  Zergling x2  
  200  22:13  Mutalisk  
  200  22:15  Zergling x2, Baneling, Mutalisk  
  198  22:16  Baneling  
  198  22:17  Zergling x2, Mutalisk  
  198  22:18  Greater Spire, Mutalisk  
  198  22:19  Mutalisk  
  198  22:20  Drone  
  198  22:21  Drone x2, Queen  
  198  22:22  Drone  
  200  22:26  Queen, Drone x2  
  200  22:27  Drone x3  
  200  22:28  Drone x3  
  200  22:29  Drone  
  196  22:30  Drone x3  
  196  22:31  Drone  
  196  22:34  Zergling x2  
  196  22:35  Overlord, Spore Crawler, Drone  
  178  22:38  Baneling, Zergling x2  
  178  22:39  Baneling  
  178  22:40  Mutalisk  
  178  22:43  Drone x2  
  178  22:44  Drone x4, Spore Crawler  
  158  22:45  Drone x2  
  158  22:49  Drone  
  147  22:52  Zergling x2  
  147  22:57  Drone x4  
  134  23:00  Drone, Zergling x2  
  134  23:01  Zergling x2, Mutalisk  
  134  23:02  Mutalisk  
  134  23:03  Mutalisk  
  134  23:04  Mutalisk x2  
  134  23:05  Mutalisk x2  
  132  23:06  Mutalisk  
  132  23:10  Zergling x2  
  132  23:11  Zergling x2  
  120  23:14  Zergling x2, Baneling x2  
  120  23:15  Baneling x4  
  120  23:16  Overseer  
  120  23:17  Zergling x6, Mutalisk  
  120  23:18  Zergling x2, Mutalisk x2  
  126  23:21  Drone  
  126  23:22  Zergling x2  
  126  23:23  Overseer  
  126  23:24  Drone, Mutalisk  
  126  23:25  Drone  
  126  23:26  Zergling x2  
  128  23:30  Drone  
  128  23:34  Mutalisk  
  129  23:36  Mutalisk  
  129  23:37  Hatchery  
  129  23:40  Drone, Spore Crawler  
  129  23:41  Queen  
  126  23:45  Drone x3, Spore Crawler  
  126  23:47  Mutalisk  
  126  23:48  Queen  
  129  23:50  Queen  
  129  23:53  Drone  
  129  23:55  Extractor  
  128  23:56  Drone  
  128  23:58  Overlord  
  128  24:02  Overlord, Overseer  
  129  24:03  Overlord  
  129  24:04  Overlord  
  129  24:07  Extractor  
  117  24:15  Mutalisk  
  117  24:16  Mutalisk x2  
  106  24:18  Zergling x6  
  106  24:19  Zergling x6  
  106  24:20  Zergling x4  
  106  24:21  Zergling x2  
  106  24:22  Zergling x4, Baneling  
  106  24:23  Zergling x2  
  103  24:25  Zergling x2  
  103  24:26  Zergling x2  
  103  24:28  Baneling, Zergling x2  
  103  24:30  Overlord x2  
  103  24:32  Overlord  
  102  24:42  Baneling  
  102  24:43  Baneling x2  
  102  24:44  Baneling  
  101  24:48  Spire  
  87  25:01  Evolution Chamber  
  79  25:08  Spawning Pool  
  79  25:10  Overlord  
  77  25:17  Evolution Chamber  
  76  25:22  Hatchery  
  76  25:28  Overlord  
  75  25:31  Overlord  
  75  25:35  Overlord  
  75  25:37  Overlord  
  75  25:39  Drone x3  
  71  25:56  Overlord, Zergling x4  
  56  25:57  Zergling x4  
  56  26:00  Zergling x2  
  51  26:09  Roach Warren  
  50  26:14  Drone  
  50  26:15  Drone x2  
  50  26:18  Drone  
  54  26:29  Overlord  
  39  26:48  Roach  
  39  26:49  Hatchery  
  39  26:51  Roach  
  39  26:53  Roach  
  33  26:55  Roach  
  33  26:57  Roach  
  33  26:59  Roach  
  34  27:02  Roach  
  34  27:04  Roach  
  34  27:05  Extractor  
  34  27:06  Roach  
  41  27:08  Roach  
  35  27:25  Drone  
  30  27:32  Queen, Drone  
  26  27:37  Drone  
  26  27:41  Roach, Zergling x2  
  26  27:43  Zergling x2  
  26  27:48  Roach, Zergling x2, Lair  
  28  27:53  Drone  
  28  27:54  Roach, Zergling x2  
  31  28:03  Drone  
  28  28:05  Hatchery  
  28  28:07  Zergling x2  
  28  28:10  Drone  
  28  28:15  Drone  
  28  28:19  Zergling x2  
  30  28:23  Zergling x2  
  31  28:27  Zergling x2  
  32  28:57  Hydralisk Den  
  31  29:11  Drone  
  31  29:16  Infestation Pit  
  31  29:21  Drone  
  31  29:23  Drone  
  33  29:26  Drone  
  33  29:27  Hydralisk  
  33  29:30  Drone  
  37  29:34  Drone  
  37  29:36  Drone  
  39  29:40  Drone  
  39  29:43  Drone  
  41  29:46  Drone  
  41  29:52  Lair  
  33  30:12  Queen  
  35  30:15  Hydralisk  
  35  30:19  Hatchery  
  35  30:21  Hydralisk  
  36  30:27  Hydralisk  
  40  30:33  Hydralisk  
  20  31:05  Spawning Pool  
  20  31:06  Drone x3  
  15  31:30  Spawning Pool  
  15  31:31  Drone  
  9  31:39  Drone  
  8  31:42  Drone  
  4  31:49  Drone  
Show
View Real Time Build Order
Export as new Build Order

larsgj Terran - Winner!

Build Orders:  

Get SALT Encoding   

  12  0:01  SCV  
  13  0:13  SCV  
  14  0:23  Supply Depot  
  14  0:25  SCV  
  15  0:45  SCV  
  16  0:56  Barracks  
  16  0:57  SCV  
  17  1:06  Supply Depot  
  17  1:09  SCV  
  18  1:21  SCV  
  19  1:28  Supply Depot  
  19  1:32  Engineering Bay  
  19  1:33  SCV  
  19  1:38  Refinery  
  20  1:41  Refinery  
  20  1:44  Marine  
  20  1:45  SCV  
  22  1:57  SCV  
  23  2:02  Marine  
  23  2:07  Barracks  
  24  2:09  SCV  
  25  2:22  SCV  
  26  2:34  SCV  
  27  2:38  Terran Infantry Weapons Level 1  
  27  2:46  SCV  
  28  2:54  Bunker  
  28  2:55  Barracks  
  28  2:58  SCV  
  29  2:59  Marine x2  
  31  3:17  Orbital Command, Marine x2  
  33  3:26  Bunker  
  33  3:35  Marine x2  
  35  3:49  SCV  
  35  3:52  Marine  
  35  3:53  Marine x2  
  39  4:02  SCV  
  40  4:05  Supply Depot  
  40  4:10  Marine x2  
  40  4:14  SCV  
  43  4:20  Bunker  
  43  4:26  SCV  
  43  4:27  Marine, Supply Depot  
  43  4:28  Marine  
  46  4:32  Barracks Tech Lab  
  46  4:33  Terran Infantry Armor Level 1  
  46  4:38  SCV  
  46  4:42  Missile Turret  
  47  4:57  Supply Depot  
  47  5:00  SCV  
  47  5:03  Missile Turret  
  48  5:07  Combat Shield  
  48  5:12  SCV  
  49  5:16  Barracks Tech Lab  
  49  5:17  Barracks Tech Lab  
  49  5:20  Supply Depot  
  49  5:22  Marauder  
  49  5:24  SCV  
  49  5:25  Missile Turret  
  49  5:46  Marauder  
  49  5:47  Marauder  
  49  5:48  Marauder  
  55  6:08  Marauder  
  55  6:10  SCV  
  58  6:22  SCV  
  59  6:26  Concussive Shells  
  59  6:27  Hi-Sec Auto Tracking  
  59  6:35  SCV  
  59  6:39  Command Center  
  61  6:47  SCV  
  61  6:57  Bunker  
  61  6:59  SCV  
  62  7:05  Bunker  
  62  7:20  Marine  
  62  7:21  Marine x2  
  65  7:24  Neosteel Armor  
  65  7:35  Factory  
  65  7:38  Marine  
  65  7:39  Marine x2  
  68  7:56  Marine  
  68  7:57  Marine x2  
  71  8:14  Marine x3  
  74  8:21  SCV  
  75  8:33  SCV  
  76  8:45  SCV  
  77  8:55  Armory  
  77  8:57  SCV  
  78  9:09  SCV  
  79  9:11  Starport  
  73  9:21  SCV  
  74  9:33  SCV  
  74  9:38  Bunker  
  75  9:42  Terran Infantry Weapons Level 2  
  75  9:45  SCV, Terran Vehicle Weapons Level 1  
  75  9:50  Marauder x2  
  80  9:53  Marauder  
  82  10:07  Orbital Command  
  82  10:40  SCV  
  83  10:45  Refinery  
  83  10:48  Refinery  
  83  10:50  Starport Tech Lab  
  83  10:52  SCV  
  83  10:55  Starport  
  84  11:04  SCV  
  85  11:16  SCV  
  86  11:28  SCV  
  86  11:32  Starport  
  87  11:33  Command Center  
  87  11:39  Terran Vehicle And Ship Armor Level 1  
  89  11:54  Medivac  
  89  11:58  Terran Infantry Armor Level 2  
  89  12:01  Starport Tech Lab  
  89  12:09  Starport Tech Lab  
  89  12:15  Marine  
  90  12:16  Marine x2  
  92  12:23  Supply Depot  
  92  12:24  Medivac  
  94  12:33  Marine x3  
  94  12:36  SCV  
  98  12:46  Supply Depot  
  98  12:48  SCV  
  98  12:51  Marine x3  
  94  12:54  Medivac  
  94  13:00  SCV  
  93  13:08  Marine  
  93  13:09  Marine x2, Supply Depot  
  93  13:12  SCV  
  97  13:20  Medivac x2  
  97  13:24  SCV, Medivac  
  97  13:26  Marine  
  105  13:27  Marine x2  
  105  13:32  Supply Depot  
  107  13:44  Bunker, Marine  
  107  13:45  Marine x2  
  110  13:50  Medivac x2  
  110  13:54  Medivac  
  110  13:55  Terran Ship Weapons Level 1  
  116  13:56  Supply Depot  
  116  13:58  SCV  
  116  14:02  Marine x3  
  120  14:10  SCV  
  120  14:15  Bunker  
  121  14:17  Supply Depot  
  121  14:20  Marine x3, Medivac  
  121  14:22  SCV  
  127  14:34  SCV  
  127  14:38  Marine, Marauder  
  130  14:39  Marauder  
  130  14:41  Supply Depot  
  133  14:46  SCV  
  134  14:58  SCV  
  135  15:03  Supply Depot  
  135  15:06  Missile Turret  
  135  15:19  Terran Infantry Weapons Level 3  
  135  15:27  Missile Turret  
  135  15:31  Marine  
  135  15:32  Marine x2  
  138  15:42  Orbital Command  
  138  15:48  Missile Turret  
  138  15:49  Marine x3  
  141  16:07  Marine x3  
  141  16:10  Terran Vehicle Weapons Level 2  
  142  16:12  Fusion Core  
  142  16:14  Missile Turret  
  136  16:24  Marine  
  136  16:25  Marine x2  
  139  16:42  Marine, Missile Turret  
  139  16:43  Marine x2  
  142  16:57  Refinery  
  142  17:02  Missile Turret  
  142  17:08  Missile Turret  
  142  17:22  Battlecruiser  
  154  17:23  Battlecruiser x2, Missile Turret  
  154  17:29  Missile Turret  
  160  17:45  Missile Turret  
  160  17:50  Missile Turret  
  160  17:51  Refinery  
  160  17:57  Terran Infantry Armor Level 3  
  160  18:06  Missile Turret  
  160  18:25  Terran Vehicle And Ship Armor Level 2  
  160  18:26  Battlecruiser  
  172  18:27  Battlecruiser x2  
  178  18:45  Weapon Refit  
  178  19:25  Command Center  
  178  19:30  Command Center  
  178  19:31  Battlecruiser  
  184  20:15  Refinery  
  184  20:21  Refinery  
  184  20:25  Rapid Reignition System  
  184  20:26  Battlecruiser x2  
  196  20:41  Terran Ship Weapons Level 2  
  196  21:14  Orbital Command  
  134  22:57  Terran Vehicle Weapons Level 3  
  130  23:02  Marine x3  
  124  23:19  Marine  
  124  23:20  Marine x2  
  125  23:37  Marine  
  125  23:38  Marine x2  
  121  23:56  Marine  
  118  24:17  Battlecruiser  
  118  24:18  Battlecruiser x2  
  123  25:21  Battlecruiser  
  123  25:22  Battlecruiser x2  
  141  26:25  Battlecruiser  
  141  26:26  Battlecruiser x2  
  165  27:30  Battlecruiser x3  
  183  28:34  Battlecruiser x2  
  189  28:59  Refinery  
Tags
 
Add a new tag
Caveats
  • Supply blocks, unpowered buildings, or Contaminate may cause inaccurate times.
  • Supply counts are checked every 10 seconds.